General information
- name: BNet
- type: Ladder team game (AT/RT)
- host: Battle.net
- saver: NADMaN
map: SilverpineForest
- players: 6
- length: 229:16
- speed: Fast
- version: 1.21 W3XP
- replay type: Public
» download(974 KB)
Players
team 1 (loser)
adoc- (
teal | 61 APM | 11920 actions | 196:15)
8 Death Knight
3 Death Coil
3 Unholy Aura
1 Animate Dead
1 Death Pact
7 Lich
3 Frost Nova
3 Dark Ritual
1 Death and Decay
» actions
| Assign group hotkey | 183 | |
| Basic commands | 10 | |
| Build / train | 153 | |
| ESC pressed | 15 | |
| Enter build submenu | 21 | |
| Enter hero's abilities submenu | 15 | |
| Give item / drop item | 20 | |
| Remove unit from queue | 6 | |
| Right click | 5878 | |
| Select / deselect | 1469 | |
| Select group hotkey | 3755 | |
| Use ability | 395 | |
11920 total
» units
| Acolyte | 22 | |
| Ghoul | 2 | |
| Crypt Fiend | 20 | |
| Obsidian Statue | 34 | |
| Meatwagon | 2 | |
| Goblin Zeppelin | 2 | |
82 total
» upgrades
| Creature Attack | 3 | |
| Burrow | 1 | |
| Web | 1 | |
| Creature Carapace | 3 | |
| Destroyer Form | 1 | |
9 total
» buildings
| Graveyard | 1 | |
| Crypt | 1 | |
| Altar of Darkness | 1 | |
| Ziggurat | 8 | |
| Tomb of Relics | 1 | |
| Halls of the Dead | 3 | |
| Necropolis | 1 | |
| Slaughterhouse | 1 | |
| Spirit Tower | 3 | |
| Black Citadel | 3 | |
23 total
» build order
00:07 Graveyard
00:14 Crypt
00:52 Altar of Darkness
01:05 Ziggurat
01:47 Tomb of Relics
01:54 Ziggurat
03:45 Ziggurat
04:39 Halls of the Dead
08:10 Ziggurat
08:55 Necropolis
08:59 Ziggurat
10:27 Slaughterhouse
10:34 Spirit Tower
10:35 Spirit Tower
11:21 Ziggurat
12:51 Black Citadel
12:51 Black Citadel
12:51 Black Citadel
17:26 Ziggurat
17:27 Ziggurat
22:11 Spirit Tower
» items
| Rod of Necromancy | 1 | |
| Periapt of Vitality | 2 | |
| Boots of Speed | 2 | |
| Scroll of Town Portal | 3 | |
| Orb of Corruption | 1 | |
| Scroll of Healing | 1 | |
| Potion of Healing | 2 | |
| Dust of Appearance | 5 | |
17 total
Retaliation. (
purple | 45 APM | 10403 actions | 229:01)
6 Keeper of the Grove
3 Entangling Roots
2 Thorns Aura
1 Tranquility
4 Naga Sea Witch
2 Frost Arrows
2 Forked Lightning
» actions
| Assign group hotkey | 100 | |
| Basic commands | 61 | |
| Build / train | 121 | |
| Enter build submenu | 27 | |
| Enter hero's abilities submenu | 11 | |
| Give item / drop item | 6 | |
| Remove unit from queue | 14 | |
| Right click | 5135 | |
| Select / deselect | 1873 | |
| Select group hotkey | 2765 | |
| Use ability | 289 | |
10403 total
» units
| Wisp | 37 | |
| Huntress | 3 | |
| Druid of the Claw | 2 | |
| Dryad | 5 | |
| Glaive Thrower | 9 | |
| Goblin Zeppelin | 8 | |
| Goblin Sapper | 2 | |
66 total
» upgrades
| Druid of the Claw Training | 2 | |
| Abolish Magic | 1 | |
| Strength of the Wild | 3 | |
| Reinforced Hides | 3 | |
| Nature's Blessing | 1 | |
| Ultravision | 1 | |
| Strength of the Moon | 3 | |
| Well Spring | 1 | |
| Mark of the Claw | 1 | |
16 total
» buildings
| Altar of Elders | 1 | |
| Moon Well | 9 | |
| Ancient of War | 2 | |
| Hunter's Hall | 1 | |
| Ancient of Wonders | 1 | |
| Tree of Ages | 1 | |
| Tree of Life | 2 | |
| Ancient of Lore | 2 | |
| Tree of Eternity | 1 | |
| Ancient Protector | 4 | |
24 total
» build order
00:03 Altar of Elders
00:17 Moon Well
01:52 Ancient of War
01:55 Ancient of War
01:57 Hunter's Hall
02:15 Moon Well
02:41 Ancient of Wonders
05:01 Tree of Ages
05:28 Moon Well
05:33 Tree of Life
07:22 Ancient of Lore
07:25 Ancient of Lore
08:45 Tree of Eternity
09:14 Moon Well
09:51 Moon Well
09:53 Moon Well
14:21 Moon Well
21:30 Tree of Life
23:04 Moon Well
23:07 Moon Well
51:13 Ancient Protector
51:15 Ancient Protector
55:42 Ancient Protector
56:25 Ancient Protector
» items
| Lesser Clarity Potion | 1 | |
| Scroll of Town Portal | 1 | |
| Orb of Venom | 1 | |
| Staff of Preservation | 1 | |
4 total
WB.Schweickart (
blue | 29 APM | 6700 actions | 229:01)
8 Far Seer
2 Feral Spirit
3 Chain Lighting
2 Earth Quake
1 Far Sight
7 Tauren Chieftain
3 Shockwave
2 Endurance Aura
2 Reincarnation
4 Shadow Hunter
2 Hex
2 Healing Wave
» actions
| Assign group hotkey | 88 | |
| Basic commands | 139 | |
| Build / train | 200 | |
| ESC pressed | 3 | |
| Enter build submenu | 79 | |
| Enter hero's abilities submenu | 23 | |
| Give item / drop item | 38 | |
| Remove unit from queue | 10 | |
| Right click | 2426 | |
| Select / deselect | 1708 | |
| Select group hotkey | 1102 | |
| Use ability | 884 | |
6700 total
» units
| Peon | 35 | |
| Grunt | 5 | |
| Tauren | 4 | |
| Troll Witch Doctor | 5 | |
| Troll Batrider | 47 | |
| Goblin Shredder | 1 | |
| Shaman | 2 | |
| Spirit Walker | 2 | |
| Demolisher | 11 | |
| Goblin Zeppelin | 3 | |
115 total
» upgrades
| Reinforced Defenses | 1 | |
| Witch Doctor Training | 2 | |
| Armor | 3 | |
| Melee Weapons | 3 | |
| Liquid Fire | 1 | |
| Shaman Training | 2 | |
| Spiked Barricades | 3 | |
| Ranged Weapons | 3 | |
| Spirit Walker Training | 2 | |
| Burning Oil | 1 | |
| Ensnare | 0 | |
21 total
» buildings
| Altar of Storms | 1 | |
| Orc Burrow | 7 | |
| Barracks | 2 | |
| Stronghold | 1 | |
| Voodoo Lounge | 2 | |
| Fortress | 1 | |
| War Mill | 1 | |
| Tauren Totem | 1 | |
| Watch Tower | 109 | |
| Great Hall | 3 | |
| Spirit Lodge | 2 | |
| Beastiary | 2 | |
132 total
» build order
00:06 Altar of Storms
00:14 Orc Burrow
00:36 Barracks
01:38 Orc Burrow
02:24 Stronghold
03:49 Voodoo Lounge
04:05 Orc Burrow
05:36 Fortress
06:44 War Mill
08:01 Tauren Totem
08:15 Watch Tower
08:16 Watch Tower
08:53 Orc Burrow
10:28 Great Hall
11:55 Spirit Lodge
13:24 Watch Tower
13:25 Watch Tower
13:25 Watch Tower
14:49 Watch Tower
14:50 Watch Tower
14:50 Watch Tower
14:51 Watch Tower
15:21 Watch Tower
16:05 Watch Tower
17:28 Watch Tower
17:56 Beastiary
18:20 Watch Tower
18:53 Spirit Lodge
20:41 Orc Burrow
20:44 Watch Tower
21:42 Watch Tower
25:16 Watch Tower
25:17 Watch Tower
25:18 Watch Tower
25:19 Watch Tower
27:20 Watch Tower
27:20 Watch Tower
28:09 Watch Tower
28:13 Watch Tower
28:36 Watch Tower
28:38 Watch Tower
29:21 Watch Tower
29:22 Watch Tower
29:41 Watch Tower
31:03 Watch Tower
31:04 Watch Tower
31:05 Watch Tower
31:32 Great Hall
32:24 Watch Tower
32:26 Watch Tower
33:30 Watch Tower
33:31 Watch Tower
33:39 Watch Tower
33:39 Watch Tower
33:40 Watch Tower
36:24 Watch Tower
36:28 Watch Tower
36:31 Watch Tower
40:08 Beastiary
40:11 Barracks
42:30 Watch Tower
42:30 Watch Tower
42:31 Watch Tower
42:33 Watch Tower
42:34 Watch Tower
42:35 Watch Tower
43:00 Orc Burrow
43:00 Orc Burrow
43:36 Watch Tower
43:37 Watch Tower
43:38 Watch Tower
43:39 Watch Tower
43:39 Watch Tower
43:40 Watch Tower
45:28 Watch Tower
45:29 Watch Tower
45:29 Watch Tower
45:30 Watch Tower
48:38 Watch Tower
48:40 Watch Tower
48:41 Watch Tower
48:41 Watch Tower
48:42 Watch Tower
48:43 Watch Tower
49:14 Voodoo Lounge
49:18 Watch Tower
49:59 Watch Tower
50:00 Watch Tower
50:27 Watch Tower
51:18 Watch Tower
51:19 Watch Tower
51:19 Watch Tower
51:27 Watch Tower
51:28 Watch Tower
51:35 Watch Tower
51:36 Watch Tower
53:24 Watch Tower
53:25 Watch Tower
53:26 Watch Tower
54:04 Watch Tower
54:10 Watch Tower
88:50 Watch Tower
88:53 Watch Tower
91:28 Watch Tower
91:29 Watch Tower
93:39 Watch Tower
93:41 Watch Tower
93:44 Watch Tower
95:22 Watch Tower
95:23 Watch Tower
95:24 Watch Tower
95:25 Watch Tower
99:58 Great Hall
100:08 Watch Tower
100:09 Watch Tower
100:11 Watch Tower
100:12 Watch Tower
106:43 Watch Tower
106:44 Watch Tower
106:46 Watch Tower
106:50 Watch Tower
110:10 Watch Tower
113:16 Watch Tower
113:18 Watch Tower
113:20 Watch Tower
120:12 Watch Tower
120:18 Watch Tower
123:13 Watch Tower
124:22 Watch Tower
126:19 Watch Tower
129:51 Watch Tower
150:28 Watch Tower
» items
| Healing Salve | 1 | |
| Lesser Clarity Potion | 1 | |
| Scroll of Speed | 1 | |
| Talisman of Evasion | 2 | |
| Hood of Cunning | 1 | |
| Khadgar's Gem of Health | 1 | |
| Amulet of Spell Shield | 1 | |
| Medallion of Courage | 1 | |
| Scroll of Town Portal | 2 | |
| Potion of Mana | 2 | |
| Tome of Retraining | 2 | |
| Orb of Corruption | 1 | |
16 total
team 2 (winner)
fInEX (
green | 19 APM | 3098 actions | 164:45)
7 Demon Hunter
3 Mana Burn
3 Evasion
1 Metamorphosis
» actions
| Assign group hotkey | 74 | |
| Basic commands | 19 | |
| Build / train | 117 | |
| ESC pressed | 1 | |
| Enter build submenu | 16 | |
| Enter hero's abilities submenu | 7 | |
| Give item / drop item | 2 | |
| Remove unit from queue | 4 | |
| Right click | 1534 | |
| Select / deselect | 415 | |
| Select group hotkey | 631 | |
| Use ability | 278 | |
3098 total
» units
| Wisp | 25 | |
| Druid of the Talon | 52 | |
| Goblin Zeppelin | 1 | |
78 total
» upgrades
| Strength of the Wild | 3 | |
| Reinforced Hides | 3 | |
| Ultravision | 1 | |
| Druid of the Talon Training | 2 | |
| Well Spring | 1 | |
| Mark of the Talon | 1 | |
11 total
» buildings
| Altar of Elders | 1 | |
| Moon Well | 9 | |
| Tree of Ages | 2 | |
| Tree of Life | 3 | |
| Hunter's Hall | 1 | |
| Tree of Eternity | 1 | |
| Ancient of Wind | 1 | |
| Ancient of Wonders | 1 | |
19 total
» build order
00:06 Altar of Elders
00:08 Moon Well
02:27 Moon Well
03:25 Moon Well
03:59 Tree of Ages
04:31 Moon Well
05:30 Tree of Life
06:19 Tree of Ages
06:51 Hunter's Hall
08:00 Moon Well
09:45 Tree of Eternity
09:50 Ancient of Wind
24:10 Ancient of Wonders
39:04 Tree of Life
43:43 Tree of Life
44:41 Moon Well
44:43 Moon Well
44:54 Moon Well
64:38 Moon Well
» items
| Boots of Speed | 1 | |
| Staff of Teleportation | 1 | |
| Helm of Valor | 3 | |
| Orb of Lightning | 1 | |
| Scroll of Town Portal | 4 | |
| Anti-magic Potion | 1 | |
| Khadgar's Gem of Health | 1 | |
12 total
GOKUMaN69 (
pink | 31 APM | 7051 actions | 229:01)
7 Archmage
3 Blizzard
3 Brilliance Aura
1 Mass Teleport
4 Paladin
2 Holy Light
2 Divine Shield
» actions
| Assign group hotkey | 10 | |
| Basic commands | 40 | |
| Build / train | 253 | |
| Enter build submenu | 266 | |
| Enter hero's abilities submenu | 11 | |
| Give item / drop item | 16 | |
| Remove unit from queue | 6 | |
| Right click | 2783 | |
| Select / deselect | 2667 | |
| Select group hotkey | 233 | |
| Use ability | 766 | |
7051 total
» units
| Peasant | 20 | |
| Dragonhawk Rider | 27 | |
| Priest | 2 | |
| Mortar Team | 2 | |
| Gryphon Rider | 3 | |
54 total
» upgrades
| Masonry | 3 | |
| Lumber Harvesting | 2 | |
| Magic Sentry | 1 | |
| Sorceress Training | 2 | |
| Cloud | 1 | |
| Flare | 1 | |
| Swords | 2 | |
| Armor | 2 | |
| Animal War Training | 1 | |
| Storm Hammers | 1 | |
| Priest Training | 2 | |
18 total
» buildings
| Altar of Kings | 2 | |
| Farm | 22 | |
| Lumber Mill | 2 | |
| Scout Tower | 215 | |
| Guard Tower | 131 | |
| Keep | 4 | |
| Arcane Sanctum | 1 | |
| Gryphon Aviary | 3 | |
| Arcane Vault | 3 | |
| Arcane Tower | 10 | |
| Castle | 1 | |
| Blacksmith | 2 | |
| Town Hall | 3 | |
| Workshop | 4 | |
| Barracks | 1 | |
404 total
» build order
00:08 Altar of Kings
00:28 Farm
00:43 Lumber Mill
01:16 Scout Tower
01:20 Scout Tower
01:36 Scout Tower
01:50 Guard Tower
01:50 Guard Tower
01:50 Guard Tower
01:54 Farm
02:00 Scout Tower
02:01 Scout Tower
02:03 Scout Tower
02:09 Guard Tower
02:12 Scout Tower
02:16 Scout Tower
02:28 Guard Tower
02:28 Guard Tower
02:54 Guard Tower
02:55 Scout Tower
03:03 Guard Tower
03:03 Guard Tower
03:07 Scout Tower
03:22 Guard Tower
03:24 Scout Tower
03:56 Guard Tower
03:57 Scout Tower
03:59 Scout Tower
04:03 Scout Tower
04:03 Guard Tower
04:04 Guard Tower
04:24 Scout Tower
04:34 Scout Tower
04:35 Guard Tower
04:42 Guard Tower
04:49 Guard Tower
04:49 Guard Tower
04:53 Scout Tower
04:59 Guard Tower
05:00 Scout Tower
05:19 Scout Tower
05:30 Scout Tower
05:31 Guard Tower
05:33 Scout Tower
05:33 Guard Tower
05:37 Guard Tower
05:39 Scout Tower
05:45 Keep
05:45 Keep
05:47 Farm
05:48 Farm
05:55 Guard Tower
05:57 Scout Tower
05:58 Scout Tower
06:00 Scout Tower
06:12 Scout Tower
06:12 Guard Tower
06:14 Scout Tower
06:22 Scout Tower
06:39 Scout Tower
06:40 Scout Tower
06:45 Guard Tower
06:47 Scout Tower
07:27 Guard Tower
07:29 Scout Tower
07:30 Guard Tower
07:31 Scout Tower
07:33 Guard Tower
07:40 Scout Tower
07:46 Guard Tower
07:49 Scout Tower
07:49 Guard Tower
07:54 Scout Tower
08:19 Scout Tower
08:40 Guard Tower
08:42 Arcane Sanctum
08:47 Scout Tower
08:49 Scout Tower
08:56 Guard Tower
08:57 Scout Tower
09:03 Scout Tower
09:04 Guard Tower
09:06 Scout Tower
09:15 Gryphon Aviary
09:18 Gryphon Aviary
09:36 Guard Tower
09:37 Scout Tower
09:45 Guard Tower
09:46 Scout Tower
09:47 Scout Tower
09:48 Scout Tower
09:51 Scout Tower
10:02 Guard Tower
10:04 Scout Tower
10:11 Guard Tower
10:12 Scout Tower
10:36 Scout Tower
10:36 Guard Tower
10:39 Guard Tower
10:42 Scout Tower
10:43 Scout Tower
10:45 Guard Tower
10:45 Guard Tower
10:52 Scout Tower
10:53 Guard Tower
10:55 Scout Tower
10:56 Scout Tower
10:57 Scout Tower
11:14 Arcane Vault
11:18 Arcane Vault
11:27 Arcane Tower
11:28 Arcane Tower
11:34 Guard Tower
11:35 Scout Tower
11:36 Scout Tower
11:41 Guard Tower
11:41 Guard Tower
11:43 Guard Tower
11:44 Guard Tower
11:45 Scout Tower
11:46 Guard Tower
11:47 Scout Tower
11:48 Scout Tower
11:51 Castle
12:08 Scout Tower
12:09 Guard Tower
12:10 Scout Tower
12:21 Guard Tower
12:21 Guard Tower
12:47 Scout Tower
13:00 Guard Tower
13:02 Scout Tower
13:02 Scout Tower
13:04 Scout Tower
13:09 Scout Tower
13:10 Scout Tower
13:11 Scout Tower
13:24 Scout Tower
13:25 Guard Tower
14:00 Guard Tower
14:01 Scout Tower
14:02 Scout Tower
14:17 Scout Tower
14:18 Guard Tower
14:24 Scout Tower
14:25 Scout Tower
14:32 Scout Tower
14:33 Guard Tower
14:33 Guard Tower
14:33 Guard Tower
14:46 Guard Tower
14:50 Scout Tower
14:52 Guard Tower
14:52 Guard Tower
14:54 Scout Tower
14:55 Guard Tower
14:58 Scout Tower
15:42 Guard Tower
15:45 Scout Tower
15:45 Scout Tower
15:46 Scout Tower
15:50 Guard Tower
15:51 Scout Tower
15:52 Scout Tower
15:53 Scout Tower
15:53 Scout Tower
15:54 Scout Tower
15:55 Scout Tower
16:03 Scout Tower
16:50 Scout Tower
16:51 Scout Tower
17:14 Scout Tower
17:17 Guard Tower
17:19 Scout Tower
17:21 Scout Tower
17:24 Scout Tower
17:27 Guard Tower
17:29 Scout Tower
17:54 Guard Tower
17:56 Scout Tower
17:58 Scout Tower
17:59 Scout Tower
18:01 Guard Tower
18:05 Scout Tower
18:06 Scout Tower
18:10 Scout Tower
18:12 Scout Tower
18:13 Scout Tower
18:31 Guard Tower
18:32 Scout Tower
18:34 Scout Tower
18:34 Scout Tower
18:41 Guard Tower
18:48 Blacksmith
19:00 Guard Tower
19:03 Guard Tower
19:04 Guard Tower
19:07 Scout Tower
19:08 Scout Tower
19:09 Scout Tower
19:13 Guard Tower
19:36 Guard Tower
19:38 Scout Tower
19:42 Guard Tower
19:43 Scout Tower
19:45 Scout Tower
19:46 Scout Tower
20:05 Farm
20:06 Farm
20:11 Scout Tower
20:13 Guard Tower
20:23 Scout Tower
20:24 Guard Tower
20:26 Scout Tower
20:29 Guard Tower
20:33 Town Hall
20:49 Scout Tower
20:51 Scout Tower
20:53 Scout Tower
20:54 Scout Tower
21:10 Scout Tower
21:10 Scout Tower
21:23 Scout Tower
21:26 Scout Tower
21:27 Scout Tower
21:41 Scout Tower
21:45 Guard Tower
21:46 Scout Tower
21:47 Scout Tower
21:48 Scout Tower
21:49 Scout Tower
21:50 Scout Tower
21:53 Guard Tower
22:31 Guard Tower
22:41 Guard Tower
22:43 Scout Tower
22:48 Town Hall
22:50 Scout Tower
22:55 Scout Tower
22:56 Guard Tower
23:00 Scout Tower
23:01 Scout Tower
23:02 Scout Tower
23:02 Scout Tower
23:09 Guard Tower
23:11 Scout Tower
23:26 Scout Tower
23:27 Guard Tower
23:34 Scout Tower
23:35 Guard Tower
23:46 Guard Tower
23:48 Scout Tower
23:50 Guard Tower
24:04 Guard Tower
24:08 Scout Tower
24:09 Guard Tower
24:16 Farm
24:39 Farm
24:44 Workshop
24:48 Guard Tower
25:16 Scout Tower
25:18 Guard Tower
25:48 Scout Tower
25:49 Scout Tower
25:50 Scout Tower
25:52 Scout Tower
25:52 Guard Tower
26:01 Scout Tower
27:08 Scout Tower
27:10 Scout Tower
27:11 Scout Tower
27:13 Scout Tower
27:13 Guard Tower
28:03 Guard Tower
28:05 Scout Tower
28:10 Scout Tower
28:11 Guard Tower
28:17 Guard Tower
28:17 Guard Tower
28:17 Guard Tower
28:20 Guard Tower
28:22 Scout Tower
28:45 Guard Tower
28:48 Scout Tower
28:50 Scout Tower
28:53 Scout Tower
28:55 Guard Tower
28:58 Scout Tower
29:11 Scout Tower
29:12 Guard Tower
29:19 Scout Tower
29:20 Guard Tower
29:28 Guard Tower
29:29 Scout Tower
29:31 Scout Tower
29:32 Scout Tower
29:40 Workshop
29:43 Workshop
30:13 Scout Tower
30:32 Scout Tower
30:59 Guard Tower
31:18 Scout Tower
32:28 Scout Tower
32:30 Scout Tower
33:30 Guard Tower
33:33 Scout Tower
34:32 Guard Tower
34:33 Scout Tower
35:55 Guard Tower
35:57 Scout Tower
37:12 Guard Tower
37:16 Farm
37:17 Farm
37:17 Farm
38:29 Barracks
38:58 Farm
40:17 Scout Tower
43:37 Scout Tower
43:47 Scout Tower
43:52 Scout Tower
43:58 Scout Tower
44:23 Guard Tower
44:26 Scout Tower
44:28 Scout Tower
44:31 Guard Tower
44:31 Guard Tower
44:57 Guard Tower
45:00 Scout Tower
45:03 Scout Tower
45:07 Scout Tower
45:24 Scout Tower
45:50 Guard Tower
45:58 Guard Tower
46:02 Scout Tower
46:03 Scout Tower
46:06 Scout Tower
46:10 Scout Tower
46:48 Guard Tower
46:53 Scout Tower
46:56 Scout Tower
47:00 Scout Tower
47:27 Scout Tower
47:29 Guard Tower
47:31 Scout Tower
47:32 Guard Tower
47:34 Scout Tower
47:41 Guard Tower
47:42 Scout Tower
47:59 Scout Tower
48:00 Guard Tower
48:03 Guard Tower
48:05 Scout Tower
48:10 Scout Tower
48:11 Guard Tower
48:17 Scout Tower
48:39 Scout Tower
48:40 Guard Tower
48:43 Scout Tower
48:44 Guard Tower
48:45 Scout Tower
49:07 Farm
49:08 Farm
49:23 Guard Tower
49:23 Guard Tower
49:28 Scout Tower
49:29 Guard Tower
49:32 Scout Tower
49:36 Scout Tower
50:27 Guard Tower
50:30 Scout Tower
50:33 Scout Tower
50:37 Scout Tower
50:40 Scout Tower
51:01 Farm
51:17 Arcane Tower
51:17 Arcane Tower
51:17 Arcane Tower
51:21 Scout Tower
51:55 Arcane Tower
51:58 Scout Tower
52:02 Scout Tower
53:54 Arcane Tower
53:54 Arcane Tower
54:18 Scout Tower
57:54 Arcane Tower
57:54 Arcane Tower
171:56 Altar of Kings
191:46 Farm
191:48 Farm
191:49 Farm
191:53 Farm
202:00 Town Hall
204:54 Farm
205:04 Blacksmith
205:06 Keep
207:30 Workshop
207:53 Arcane Vault
208:01 Lumber Mill
209:08 Gryphon Aviary
213:41 Farm
219:24 Farm
» items
| Staff of Teleportation | 2 | |
| Boots of Speed | 1 | |
| Potion of Lesser Invulnerability | 2 | |
| Mechanical Critter | 3 | |
8 total
NADMaN (
yellow | 57 APM | 13011 actions | 229:16)
10 Blademaster
3 Wind Walk
3 Critical Strike
1 Bladestorm
3 Mirror Image
7 Pandaren Brewmaster
3 Breath of Fire
3 Drunken Haze
1 Storm Earth and Fire
3 Demon Hunter
3 Immolation
» actions
| Assign group hotkey | 30 | |
| Basic commands | 173 | |
| Build / train | 119 | |
| ESC pressed | 13 | |
| Enter build submenu | 58 | |
| Enter hero's abilities submenu | 23 | |
| Give item / drop item | 33 | |
| Remove unit from queue | 3 | |
| Right click | 7139 | |
| Select / deselect | 1767 | |
| Select group hotkey | 2622 | |
| Use ability | 1029 | |
13011 total
» units
| Peon | 12 | |
| Wind Rider | 9 | |
| Troll Batrider | 27 | |
| Goblin Zeppelin | 1 | |
49 total
» upgrades
| Liquid Fire | 1 | |
| Ranged Weapons | 3 | |
| Reinforced Defenses | 1 | |
| Armor | 3 | |
| Envenomed Spears | 1 | |
| Pillage | 1 | |
10 total
» buildings
| Altar of Storms | 2 | |
| Orc Burrow | 13 | |
| War Mill | 1 | |
| Watch Tower | 30 | |
| Stronghold | 2 | |
| Voodoo Lounge | 1 | |
| Beastiary | 3 | |
| Fortress | 1 | |
| Great Hall | 3 | |
56 total
» build order
00:08 Altar of Storms
00:15 Orc Burrow
00:23 War Mill
01:57 Watch Tower
02:01 Watch Tower
02:09 Watch Tower
02:11 Watch Tower
02:47 Watch Tower
02:48 Watch Tower
02:51 Watch Tower
03:30 Stronghold
03:41 Watch Tower
03:43 Watch Tower
03:46 Watch Tower
04:04 Orc Burrow
04:13 Voodoo Lounge
05:04 Watch Tower
05:07 Watch Tower
06:10 Beastiary
06:13 Beastiary
06:50 Orc Burrow
08:59 Watch Tower
09:00 Watch Tower
09:02 Watch Tower
09:05 Watch Tower
09:17 Watch Tower
10:36 Fortress
10:40 Orc Burrow
11:05 Great Hall
11:50 Watch Tower
11:51 Watch Tower
11:53 Watch Tower
13:12 Watch Tower
13:13 Watch Tower
13:15 Watch Tower
18:15 Watch Tower
18:16 Watch Tower
19:07 Watch Tower
20:57 Beastiary
22:52 Great Hall
22:56 Watch Tower
22:58 Watch Tower
23:00 Watch Tower
23:02 Watch Tower
47:36 Orc Burrow
47:37 Orc Burrow
47:38 Orc Burrow
47:40 Orc Burrow
51:22 Orc Burrow
108:49 Altar of Storms
108:56 Orc Burrow
109:00 Orc Burrow
109:02 Orc Burrow
112:00 Orc Burrow
169:42 Great Hall
» items
| Lesser Clarity Potion | 9 | |
| Healing Salve | 9 | |
| Staff of Teleportation | 2 | |
| Boots of Speed | 2 | |
| Circlet of Nobility | 1 | |
| Orb of Lightning | 3 | |
| Scroll of Town Portal | 1 | |
| Anti-magic Potion | 1 | |
| Potion of Healing | 1 | |
| Periapt of Vitality | 1 | |
| Potion of Lesser Invulnerability | 2 | |
32 total
Chat log
(00:09 / Allies) NADMaN: goold
(05:09 / Allies) NADMaN: wood
(05:10 / Allies) NADMaN: pls
(05:53 / All) fInEX: guys u kneow how 2lbink?
(06:00 / All) Retaliation.: nope
(06:12 / All) fInEX: get lbink skill pres b pres ground is ez
(06:37 / All) Retaliation.: -.-
(23:08 / All) fInEX: thx for bein gents
(23:13 / All) adoc-: ?
(23:25 / All) fInEX: top of the morning to thee
(25:27 / All) GOKUMaN69: just back off please
(25:32 / All) fInEX: LEAVE ME ALONE
(25:38 / Allies) fInEX: TERRORISTS
(25:42 / All) fInEX: terrorists
(25:48 / All) fInEX: suicide bomber
(28:35 / All) fInEX: how u guys like my dotts
(28:45 / All) WB.Schweickart: Lol I just got lvl 3 chain wave
(28:52 / All) WB.Schweickart: One cast each hero
(28:53 / All) Retaliation.: they taste good
(28:55 / All) WB.Schweickart: Dotts are dead
(29:03 / All) WB.Schweickart: But yeah good xp man
(29:13 / All) fInEX: like ur taurens
(31:17 / All) WB.Schweickart: "My heros are so stacked
(34:17 / All) GOKUMaN69: guys
(34:21 / All) GOKUMaN69: back off please
(34:29 / All) fInEX: plz leae us alone
(34:39 / All) adoc-: please leave for waisting our time?
(34:56 / All) fInEX: thx
(35:03 / All) fInEX: thx for backin off
(36:50 / All) GOKUMaN69: just let us mine
(36:55 / All) GOKUMaN69: you got more then we do
(53:40 / Allies) NADMaN: 100/1000
(57:01 / All) WB.Schweickart: LOL
(57:05 / All) NADMaN: yeah :|
(59:35 / All) WB.Schweickart: hIGHPERCH LOL?
(59:41 / All) GOKUMaN69: what
(59:49 / All) fInEX: whats that
(59:52 / All) GOKUMaN69: this is not highperch
(60:03 / All) fInEX: this is silverpine forest
(60:05 / All) fInEX: nub
(60:13 / All) WB.Schweickart: lol...
(62:08 / Allies) NADMaN: crap
(62:09 / All) WB.Schweickart: lol
(62:12 / Allies) NADMaN: friggen tc with boots
(62:18 / All) WB.Schweickart: Endurance aura ftw
(62:50 / All) GOKUMaN69: you guys gonna give up?
(62:55 / All) Retaliation.: nope
(63:16 / All) WB.Schweickart: Why would we give up?
(66:07 / All) GOKUMaN69: how much gold do you have?
(66:12 / All) adoc-: 5k each
(66:13 / All) WB.Schweickart: a few
(66:18 / All) WB.Schweickart: a few k ^
(66:27 / All) WB.Schweickart: Why?
(66:28 / All) GOKUMaN69: leave we win
(66:33 / All) adoc-: rofl?
(66:38 / All) WB.Schweickart: Likje hell you do
(66:40 / All) WB.Schweickart: lol
(66:45 / All) fInEX: h0old onm
(66:48 / All) fInEX: you macin?
(68:09 / Allies) NADMaN: dust
(68:36 / All) adoc-: so u can have ur base up there, but were gonna just sit here the rest of the game
(68:44 / All) GOKUMaN69: cool
(68:47 / All) GOKUMaN69: sounds good
(70:31 / All) GOKUMaN69: yo guys
(70:38 / All) GOKUMaN69: scan the perch and look at it
(70:42 / All) Retaliation.: we saw
(70:48 / All) WB.Schweickart: We know lol
(71:04 / All) GOKUMaN69: whats your fps
(71:08 / All) GOKUMaN69: when you look at it?
(71:14 / All) GOKUMaN69: /fps
(71:33 / All) adoc-: 100 i have dual 8800's
(72:02 / All) GOKUMaN69: you buyin scans?
(72:10 / All) adoc-: yeah
(72:15 / All) WB.Schweickart: LOL
(72:21 / All) WB.Schweickart: Figured you would have had more
(72:28 / All) WB.Schweickart: Try to find all my units ^^
(75:44 / All) fInEX: yo how do you cool two 8800s
(75:54 / All) WB.Schweickart: With fans
(76:05 / All) NADMaN: <0>
(76:17 / All) fInEX: how does your computer cool two 8800s through air cooling
(76:47 / All) fInEX: i would have thoutght such a hting was not possible
(78:33 / All) WB.Schweickart: lol nice one
(85:24 / All) GOKUMaN69: you guys kno wwhats cool?
(85:46 / All) GOKUMaN69: min in upkeep
(86:53 / All) GOKUMaN69: Ward man
(86:56 / All) GOKUMaN69: is a dead man
(87:17 / All) GOKUMaN69: what TV SHOWS YOU LIKE?
(88:43 / All) GOKUMaN69: you should unsommun bro
(88:44 / Allies) fInEX: this is bill cosby music
(88:55 / All) GOKUMaN69: you get mad gold
(90:01 / All) GOKUMaN69: scan us some more please
(91:22 / Allies) NADMaN: fs trained farsight
(96:16 / All) GOKUMaN69: you gonna take a perch with one unit?
(96:23 / All) WB.Schweickart: ?
(96:25 / All) adoc-: yeah
(106:14 / All) NADMaN: alt tabbed crew
(107:33 / All) fInEX: SHOCKWAVE UP THE CLIFF
(113:28 / All) GOKUMaN69: Why un summon?
(113:39 / All) WB.Schweickart: For tons of money lol
(117:21 / All) GOKUMaN69: gl hf
(118:05 / All) WB.Schweickart: Nice try btw
(118:06 / All) WB.Schweickart: lol
(118:10 / All) GOKUMaN69: LOL
(120:40 / All) GOKUMaN69: can you quit
(120:44 / All) GOKUMaN69: need wins for dota
(120:45 / All) adoc-: no.
(120:47 / All) Retaliation.: nope
(120:50 / All) WB.Schweickart: lol ur kiddin
(121:32 / All) GOKUMaN69: nope
(121:48 / All) GOKUMaN69: need 6 more wins for icon
(121:58 / All) adoc-: gratz, but ur not getting one here
(122:01 / All) Retaliation.: then you should quit and just go get some wins
(122:09 / All) GOKUMaN69: nope
(122:14 / All) GOKUMaN69: really need the win
(122:17 / All) Retaliation.: what is one loss compared to 5?
(122:17 / All) GOKUMaN69: so you quit
(122:24 / All) Retaliation.: 5 wins**
(122:31 / All) GOKUMaN69: just leave please
(122:35 / All) adoc-: no
(122:36 / All) adoc-: u
(122:45 / All) WB.Schweickart: Dude I have all night
(122:53 / All) adoc-: same here
(123:01 / All) adoc-: i have all day and all day tomorrow
(123:04 / All) adoc-: and the next day
(125:12 / All) WB.Schweickart: lol!
(125:25 / All) adoc-: so how do u like losing 4 heros?
(125:34 / All) GOKUMaN69: only one
(127:39 / All) WB.Schweickart: TP now
(128:32 / All) WB.Schweickart: Lol
(128:45 / All) WB.Schweickart: No more pally...no more BM =*(
(128:52 / All) GOKUMaN69: YEAG
(128:55 / All) GOKUMaN69: nO MORE BM
(129:00 / All) GOKUMaN69: bye bye bm
(129:01 / All) WB.Schweickart: -_-
(129:53 / All) GOKUMaN69: PLEASE
(129:58 / All) GOKUMaN69: FREE WIN
(130:06 / All) GOKUMaN69: FOR DOTA ICON PLZ
(130:19 / All) adoc-: NO!
(130:20 / All) Retaliation.: fuck dota
(130:28 / All) WB.Schweickart: aMEN
(130:39 / Allies) NADMaN: lol
(132:41 / All) WB.Schweickart: Here I come MR.BM
(132:53 / All) GOKUMaN69: bye MR FAGGOT
(132:57 / All) WB.Schweickart: THATS RIGHT
(133:15 / All) WB.Schweickart: This faggot was about to rip you a new ass hole
(134:50 / All) WB.Schweickart: How has that tower taken damage?
(135:30 / All) NADMaN: sup
(137:45 / All) WB.Schweickart: You know you cant kill all our stuff right?
(137:59 / All) WB.Schweickart: Even with cloud
(143:09 / All) adoc-: you find Our Perch?
(143:15 / All) WB.Schweickart: ^^
(143:20 / All) adoc-: =D
(143:28 / All) WB.Schweickart: LAWL
(143:35 / All) fInEX: gayest perch imo
(143:51 / All) WB.Schweickart: Goodluck trying to cloud it
(144:16 / All) adoc-: well good luck =D cuz were not leaving.
(151:54 / All) WB.Schweickart: lol free xp for u guys
(152:03 / All) GOKUMaN69: ty get out
(152:22 / All) adoc-: LOL
(152:23 / All) WB.Schweickart: GG
(152:23 / All) adoc-: OWNED
(152:35 / All) WB.Schweickart: Now You cant take on our towers
(152:38 / All) WB.Schweickart: GG noobs
(152:40 / All) Retaliation.: gg fucks
(152:46 / All) NADMaN: so leave?
(152:49 / All) GOKUMaN69: beat us
(152:52 / All) GOKUMaN69: Gg
(152:54 / All) GOKUMaN69: you win
(152:56 / All) GOKUMaN69: not
(153:33 / All) WB.Schweickart: Lol and we where making a beautiful build over here to
(162:16 / All) WB.Schweickart: lol
(164:49 / All) adoc-: gg
(166:01 / All) Retaliation.: there's only one way for you guys to win this
(166:03 / All) Retaliation.: with three buttons
(166:04 / All) Retaliation.: ALT
(166:05 / All) Retaliation.: Q
(166:06 / All) Retaliation.: Q
(167:41 / All) NADMaN: nice
(167:44 / All) GOKUMaN69: you have many heros
(167:49 / All) WB.Schweickart: Lol
(167:51 / All) WB.Schweickart: We dont need them
(167:56 / All) NADMaN: ok :)
(167:57 / All) adoc-: =D
(167:59 / All) WB.Schweickart: And you didnt get them all either lol
(168:06 / All) Retaliation.: you could have level 200 DH
(168:12 / All) Retaliation.: and still lose
(168:18 / All) NADMaN: maybe
(172:35 / All) GOKUMaN69: Gg
(172:42 / All) adoc-: you cant kill our perch
(172:46 / All) NADMaN: mb
(172:48 / All) adoc-: so were staying logged in
(172:53 / All) GOKUMaN69: morts
(172:56 / All) NADMaN: breath of fire
(173:01 / All) adoc-: if u can land them somewere....
(173:03 / All) NADMaN: metamorph
(173:04 / All) Retaliation.: gl gettin them over here
(173:11 / All) adoc-: good luck landing somewere
(173:14 / All) NADMaN: hehe ok :)
(173:30 / All) NADMaN: greed of the noob got you this game
(173:39 / All) WB.Schweickart: Lol
(173:44 / All) WB.Schweickart: You cant beat are perch ^^
(173:46 / All) WB.Schweickart: Sorry
(173:50 / All) WB.Schweickart: Like I said last time
(173:56 / All) WB.Schweickart: You didnt get all the heros =p
(174:43 / All) Retaliation.: panda is awesome
(174:47 / All) NADMaN: si
(174:50 / All) Retaliation.: but only when he can hit the towers
(174:53 / All) GOKUMaN69: unlike you
(175:12 / All) GOKUMaN69: you know whats funny?
(175:17 / All) WB.Schweickart: You all lose?
(175:29 / All) GOKUMaN69: ORCS GET MONEY FROM KILLING BUILDINGS WITH PEONS
(175:41 / All) WB.Schweickart: Lol?
(175:54 / All) WB.Schweickart: Yeah lets watch him make hawks right
(181:45 / All) GOKUMaN69: you guys are getting owned
(181:48 / All) GOKUMaN69: so hard
(181:49 / All) NADMaN: lol
(181:49 / All) WB.Schweickart: lol...
(183:15 / All) NADMaN: Fun fact: I've made over 300 gold
(183:26 / All) GOKUMaN69: fun fact you s
(183:28 / All) GOKUMaN69: uck
(183:30 / All) NADMaN: :(
(183:33 / All) GOKUMaN69: at this game
(192:32 / All) GOKUMaN69: why u killin dem?
(193:03 / All) adoc-: now u cant do any dmg
(193:52 / All) GOKUMaN69: kill the bear
(195:14 / All) GOKUMaN69: see that dh?
(195:21 / All) GOKUMaN69: he comin for u
(196:20 / All) NADMaN: leave
(196:22 / All) NADMaN: noobs
(196:25 / All) GOKUMaN69: get out
(196:27 / All) GOKUMaN69: noobs
(196:28 / All) WB.Schweickart: Noobs
(196:29 / All) GOKUMaN69: so noob
(196:32 / All) GOKUMaN69: 1v1
(196:33 / All) WB.Schweickart: You used towers the whole game
(196:36 / All) WB.Schweickart: Not skill
(196:40 / All) GOKUMaN69: so did you
(196:47 / All) WB.Schweickart: We had to resort to it
(196:50 / All) NADMaN: I think you just lost to skillless people what does that make you??????
(196:53 / All) WB.Schweickart: Didnt choose to at first
(197:02 / All) WB.Schweickart: We lost to tower massers
(197:06 / All) GOKUMaN69: we;;
(197:06 / All) WB.Schweickart: Whats new?
(197:08 / All) GOKUMaN69: welll
(197:10 / All) NADMaN: You lost to no skill scrubs
(197:15 / All) GOKUMaN69: get out
(197:17 / All) WB.Schweickart: And its not over yet
(197:36 / All) GOKUMaN69: thats for all the money
(197:42 / All) GOKUMaN69: from all dem buildins
(200:46 / All) NADMaN: noo
(211:27 / All) GOKUMaN69: hey
(211:29 / All) GOKUMaN69: guys
(211:35 / All) GOKUMaN69: why you hate towers?
(229:05 / All) NADMaN: ZING
(229:06 / All) NADMaN: ZING
(229:07 / All) NADMaN: BA
(229:08 / All) NADMaN: FUCKING
(229:08 / All) NADMaN: ZING
(229:09 / All) NADMaN: OWNED
(229:10 / All) NADMaN: FAGGOTS
(229:11 / All) NADMaN: SERIOUSLY
(229:12 / All) NADMaN: DIE
(229:13 / All) NADMaN: OK